 Dungeon Crawl Stone Soup version 0.21.1-1-g345015f (webtiles) character file.

173 zaxin the Shield-Bearer (level 5, 0/33 HPs)
             Began as a Gargoyle Fighter on June 9, 2018.
             Slain by an adder (1 damage)
             ... on level 4 of the Dungeon.
             The game lasted 00:04:08 (2829 turns).

zaxin the Shield-Bearer (Gargoyle Fighter)          Turns: 2829, Time: 00:04:09

Health: 0/33       AC: 12    Str: 21    XL:     5   Next: 53%
Magic:  5/5        EV:  8    Int:  8    God:
Gold:   142        SH:  9    Dex:  9    Spells: 4/4 levels left

rFire    . . .     SeeInvis .   a - +0 flail
rCold    . . .     Gourm    .   c - +0 shield
rNeg     + . .     Faith    .   b - +0 scale mail
rPois    ∞         Spirit   .   j - +0 helmet (curse)
rElec    +         Reflect  .   (no cloak)
rCorr    .         Harm     .   (no gloves)
MR       .....                  (no boots)
Stlth    ..........             (no amulet)
HPRegen  0.11/turn              (no ring)
MPRegen  0.09/turn              (no ring)

@: no status effects
A: negative energy resistance 1, electricity resistance, unbreathing,
petrification resistance, rot immunity, AC +4
a: no special abilities


You were on level 4 of the Dungeon.
You were hungry.

You visited 1 branch of the dungeon, and saw 4 of its levels.

You collected 142 gold pieces.

Inventory:

Hand Weapons
 a - a +0 flail (weapon)
Armour
 b - a +0 scale mail (worn)
 c - a +0 shield (worn)
 j - a cursed +0 helmet (worn)
 m - a +1 helmet
Jewellery
 v - a +5 amulet of reflection {unknown}
Scrolls
 e - a scroll of enchant weapon {unknown}
 g - a scroll of immolation {unknown}
 h - a scroll of magic mapping {unknown}
 n - 4 scrolls of identify {unknown}
 o - a scroll of enchant armour {unknown}
 q - a scroll of amnesia {unknown}
 s - a scroll of teleportation {unknown}
 u - a scroll of blinking {unknown}
Potions
 d - a potion of might
 i - 2 potions of flight {unknown}
 k - a potion of degeneration {unknown}
 l - a potion of lignification {unknown}
 p - 2 potions of curing {unknown}
 r - a potion of heal wounds {unknown}
 t - 2 potions of haste {unknown}
Comestibles
 f - 8 rations


   Skills:
 + Level 3.6 Fighting
 + Level 3.7 Maces & Flails
 + Level 4.0 Armour
 + Level 1.1 Dodging
 + Level 0.2 Stealth
 + Level 4.3 Shields


You had 4 spell levels left.
You didn't know any spells.

Dungeon Overview and Level Annotations

Branches:
Dungeon (4/15)
 Temple: D:4-7

Altars:
Nemelex Xobeh
The Shining One


Innate Abilities, Weirdness & Mutations

You are resistant to torment.
Your stone body is resilient. (AC +4)
You are immune to poison.
You resist negative energy. (rN+)
You are resistant to electric shocks. (rElec)
You can survive without breathing.
You are immune to petrification.
You are immune to rotting.


Message History

Your shield and scale mail prevent you from hitting the leopard gecko.
The adder bites you but does no damage. The leopard gecko barely misses you.
You block the adder's attack.
You barely miss the adder. You block the leopard gecko's attack.
The adder bites you.
* * * LOW HITPOINT WARNING * * *
You barely miss the adder. The leopard gecko barely misses you.
The adder barely misses you.
The leopard gecko bites you but does no damage.
The adder bites you.
* * * LOW HITPOINT WARNING * * *
You hit the adder.
The adder is lightly wounded.
The leopard gecko bites you.
* * * LOW HITPOINT WARNING * * *
The adder barely misses you.
You closely miss the adder.
The adder is lightly wounded.
The adder bites you.
You die...

..#####...####.###.##.##.#
..?............##........#
....S...........<.........
#......?..$....##..##.#..#
#####...####.##..#..#..#
#...# #............ #$..#
####.......## #.lS#
#.......## #.)@#
##.......# ##)## #.....#.#
.... #.)...#.# ###.#.
####..... ..#.# ###### .##
# #. ##


You could see an adder and a leopard gecko.

Vanquished Creatures
  An orc wizard (D:4)
  A worker ant (D:4)
  3 adders
  An ooze (D:1)
  2 worms (D:2)
  2 dart slugs
  3 leopard geckos (D:1)
  8 orcs
  3 giant cockroaches
  9 goblins
  8 hobgoblins
  A jackal (D:3)
  2 quokkas
  2 ball pythons
  8 bats
  A frilled lizard (D:2)
  11 kobolds
  5 rats
71 creatures vanquished.

Notes
Turn   | Place    | Note
-------+----------+-------------------------------------------
     0 | D:1      | zaxin the Gargoyle Fighter began the quest for the Orb.
     0 | D:1      | Reached XP level 1. HP: 14/14 MP: 1/1
   220 | D:1      | Reached XP level 2. HP: 9/19 MP: 2/2
   635 | D:1      | Reached XP level 3. HP: 22/23 MP: 3/3
  1445 | D:2      | Found a glowing golden altar of the Shining One.
  1577 | D:2      | Reached XP level 4. HP: 28/28 MP: 4/4
  2198 | D:3      | Found a sparkling altar of Nemelex Xobeh.
  2742 | D:4      | Reached XP level 5. HP: 31/32 MP: 5/5
  2820 | D:4      | Reached skill level 1 in Dodging
  2828 | D:4      | HP: 1/33 [leopard gecko (3)]
  2829 | D:4      | Slain by an adder

Skill      XL: |  1  2  3  4  5 |
---------------+----------------+-----
Maces & Flails | 3 |  3.7
Armour         | 4 |  4.0
Shields        | 4 |  4.3
Dodging        | 1 |  1.1
Fighting       | |  3.6
Stealth        | |  0.2

Action                   |  1- 3 |  4- 6 || total
-------------------------+-------+-------++-------
Melee: Flail             |   141 |   149 ||   290
  Eat: Chunk             |     2 |     4 ||     6
Armor: Scale mail        |    97 |   141 ||   238
Dodge: Dodged            |    37 |    99 ||   136
Block: Shield            |    88 |   114 ||   202
